Map: World of Sleepers LE

Players

Mez - Winner!

  • Race: Terran Terran
  • League: Master
  • Spawn Location: 7:00

KrauZ

  • Race: Zerg Zerg
  • League: Diamond
  • Spawn Location: 1:00

VOD

Have the link to the VOD?

Description

Time

  • Played on: Aug. 29, 2019, 11:20 p.m.
  • Length: 15:00
Show
View Real Time Build Order
Export as new Build Order

Mez Terran - Winner!

Build Orders: Liberator Opening, Reaper Expand 

Get SALT Encoding   

  12  0:00  SCV  
  13  0:13  SCV  
  14  0:16  Supply Depot  
  14  0:25  SCV  
  15  0:38  SCV  
  15  0:40  Barracks  
  16  0:44  Refinery  
  16  0:50  SCV  
  17  1:02  SCV  
  18  1:14  SCV  
  19  1:28  Orbital Command, Reaper  
  20  1:41  Command Center  
  20  1:49  Supply Depot  
  20  1:54  SCV  
  20  2:00  Marine  
  22  2:06  SCV  
  23  2:13  Factory  
  23  2:14  Refinery  
  23  2:18  SCV  
  24  2:23  Barracks Reactor  
  24  2:39  SCV  
  25  2:51  SCV  
  25  2:56  Orbital Command  
  25  2:59  Starport  
  25  3:03  SCV  
  25  3:05  Hellion x2  
  30  3:11  Supply Depot  
  30  3:16  SCV  
  30  3:18  Barracks Tech Lab  
  31  3:22  Liberator, SCV  
  32  3:28  SCV, Hellion x2  
  37  3:34  SCV  
  37  3:37  Supply Depot  
  41  3:44  SCV  
  41  3:46  SCV  
  43  3:49  Marine  
  43  3:55  Hellion x2  
  48  3:57  SCV  
  49  4:04  SCV  
  50  4:13  Command Center  
  50  4:17  SCV x2  
  50  4:20  Supply Depot  
  52  4:25  Stimpack  
  52  4:32  SCV x2  
  54  4:43  Factory Reactor  
  54  4:44  Marine, Starport Reactor, SCV x2  
  54  4:45  Barracks  
  57  4:49  Barracks  
  57  4:56  SCV x2  
  59  5:00  Engineering Bay x2  
  59  5:02  Marine  
  60  5:08  SCV x2  
  60  5:09  Refinery  
  60  5:10  Refinery  
  62  5:20  Marine  
  63  5:22  SCV x2  
  63  5:25  Medivac x2  
  63  5:27  Terran Infantry Armor Level 1, Terran Infantry Weapons Level 1  
  70  5:31  Factory Tech Lab  
  70  5:32  Orbital Command  
  70  5:34  SCV  
  70  5:41  Marine  
  70  5:42  Marine x3  
  74  5:43  Marine  
  74  5:45  SCV  
  74  5:53  Barracks x2  
  74  5:58  Supply Depot  
  74  5:59  Marine  
  74  6:00  Marine  
  74  6:01  Marine x2  
  74  6:02  Marine  
  77  6:09  SCV x2  
  77  6:16  Siege Tank  
  77  6:17  Marine  
  77  6:18  Marine x2, Orbital Command  
  81  6:19  Marine  
  81  6:24  Supply Depot  
  81  6:25  Supply Depot  
  84  6:26  Supply Depot, Armory  
  84  6:35  Marine x2  
  84  6:36  Medivac x2  
  84  6:37  SCV x2  
  89  6:47  Marine x3  
  89  6:48  Barracks Reactor  
  89  6:49  SCV, Barracks Reactor  
  89  6:52  SCV x2  
  95  6:57  Supply Depot x2  
  95  7:01  Siege Tank, SCV  
  95  7:04  SCV x2  
  101  7:10  Marine x4  
  101  7:13  SCV  
  101  7:14  Marine  
  107  7:16  SCV  
  108  7:28  Marine x8  
  108  7:29  Medivac x2  
  120  7:31  SCV x3  
  120  7:34  Supply Depot  
  120  7:36  Supply Depot  
  123  7:43  SCV  
  121  7:49  Marine x5  
  121  7:50  Marine x4, Siege Tank  
  112  7:57  Command Center  
  112  8:07  Marine x4  
  112  8:09  Terran Infantry Armor Level 2, Terran Infantry Weapons Level 2  
  112  8:11  Factory  
  116  8:15  Supply Depot  
  116  8:16  Supply Depot  
  116  8:20  Marine x5  
  116  8:22  Medivac x2  
  116  8:25  Marine  
  126  8:34  Marine x2  
  126  8:35  Marine  
  126  8:36  Siege Tank  
  126  8:38  Marine x5  
  134  8:58  Marine x9  
  134  8:59  Factory Tech Lab  
  134  9:00  Medivac x2  
  145  9:08  Siege Tank  
  142  9:14  SCV x2  
  142  9:16  Marine x9  
  140  9:29  Barracks  
  140  9:30  Medivac x2  
  135  9:32  Barracks, Refinery x2  
  135  9:33  Marine  
  135  9:35  Barracks  
  135  9:39  Marine x2  
  135  9:40  Marine x5, Siege Tank  
  135  9:41  Supply Depot  
  145  9:45  Planetary Fortress  
  145  9:48  SCV x3  
  145  9:52  Liberator x2  
  148  9:57  Marine x2  
  148  9:58  Marine x7  
  121  10:12  Siege Tank  
  121  10:13  Siege Tank  
  133  10:15  Marine x2  
  135  10:24  Marine, Barracks Tech Lab  
  135  10:25  Marine x6, Barracks Tech Lab  
  135  10:27  Barracks Tech Lab  
  142  10:35  Marine x2, Liberator, Unknown  
  144  10:42  Marine x2, Supply Depot  
  145  10:43  Marine, Supply Depot  
  145  10:44  Supply Depot  
  145  10:45  Supply Depot  
  145  10:49  Marine x4  
  154  10:51  Marauder x3  
  154  10:52  Marine  
  154  10:53  Marine  
  162  11:03  Liberator  
  162  11:06  Marine x4  
  162  11:07  Marine x3  
  162  11:11  Marine  
  169  11:12  Marauder x2  
  169  11:18  Marine, Liberator  
  174  11:19  Marine  
  174  11:25  Marauder  
  178  11:33  Marauder  
  178  11:37  Marine x5  
  178  11:38  Marauder x2  
  191  11:46  Liberator, Marauder  
  193  11:47  Starport x2  
  185  11:55  Marauder  
  185  11:59  Marauder  
  185  12:01  Marine x2, Marauder  
  172  12:02  Marine x5  
  172  12:03  Marine  
  172  12:07  Siege Tank x2  
  172  12:10  Marauder  
  170  12:16  Marine  
  170  12:19  Command Center  
  170  12:21  Liberator  
  166  12:23  Terran Infantry Weapons Level 3  
  165  12:33  Marine  
  165  12:34  Marine x2  
  165  12:35  Marine  
  165  12:36  Marine x2, Marauder  
  165  12:37  Marine x3  
  165  12:38  Marauder x2  
  165  12:39  Starport Reactor  
  165  12:42  Starport Tech Lab  
  150  12:44  Supply Depot  
  146  12:55  Marine  
  146  12:56  Marine x2, Marauder  
  146  12:57  Marauder  
  152  12:59  Marauder  
  151  13:08  Marine x2, Marauder  
  155  13:12  Liberator  
  155  13:15  Fusion Core  
  155  13:17  Marauder  
  155  13:18  Supply Depot  
  154  13:22  Marauder, Supply Depot  
  156  13:38  Marine x5  
  161  13:44  Planetary Fortress  
  161  13:58  Liberator  
  158  14:11  Marine x2  
  158  14:12  Marine x4, Marauder x3  
  149  14:31  Marine x7, Marauder  
  144  14:33  Marauder x2  
  144  14:36  Marine, Marauder  
  157  14:38  SCV x2  
  157  14:39  SCV  
Show
View Real Time Build Order
Export as new Build Order

KrauZ Zerg 

Build Orders: Hatch First 

Get SALT Encoding   

  12  0:00  Drone  
  13  0:13  Overlord  
  13  0:17  Drone  
  14  0:31  Drone x2  
  16  0:50  Hatchery  
  16  0:53  Drone  
  16  0:56  Drone  
  17  0:59  Drone  
  18  1:10  Extractor  
  17  1:15  Spawning Pool  
  17  1:18  Drone  
  17  1:21  Drone  
  18  1:28  Drone  
  19  1:39  Drone  
  20  1:49  Overlord  
  20  2:02  Queen x2  
  20  2:03  Zergling x4  
  26  2:12  Drone  
  26  2:13  Drone  
  28  2:24  Drone x2  
  29  2:37  Drone  
  29  2:38  Pneumatized Carapace  
  30  2:48  Drone x2  
  30  2:50  Metabolic Boost  
  32  2:55  Drone  
  32  2:57  Drone  
  32  2:58  Overlord  
  34  3:02  Hatchery  
  33  3:07  Queen  
  35  3:17  Drone x4  
  35  3:18  Drone  
  40  3:23  Overlord  
  40  3:26  Zergling x2  
  41  3:27  Drone  
  41  3:29  Drone  
  43  3:42  Queen  
  43  3:44  Drone x3  
  48  3:50  Drone  
  48  3:51  Drone x2  
  51  3:57  Overlord  
  51  3:59  Lair  
  51  4:11  Overlord  
  51  4:17  Zergling x14  
  52  4:19  Queen  
  52  4:22  Drone x3  
  52  4:23  Queen  
  65  4:28  Overlord  
  65  4:31  Drone  
  66  4:40  Overlord x2  
  66  4:46  Baneling Nest  
  65  4:58  Spore Crawler  
  64  5:02  Drone x3  
  64  5:05  Extractor x2  
  62  5:15  Queen  
  64  5:21  Drone x3  
  64  5:24  Drone x3  
  64  5:25  Spore Crawler, Drone x4  
  73  5:30  Evolution Chamber  
  73  5:31  Evolution Chamber  
  70  5:45  Drone x2  
  70  5:46  Extractor  
  71  5:52  Zergling x4  
  71  5:53  Zergling x8  
  77  6:03  Overlord x2  
  77  6:12  Zerg Ground Armor Level 1, Zerg Melee Weapons Level 1  
  77  6:13  Drone x3  
  77  6:14  Centrifical Hooks  
  77  6:15  Drone  
  77  6:16  Hatchery  
  77  6:17  Drone x7  
  86  6:28  Drone  
  86  6:29  Spire, Drone  
  86  6:30  Drone x6  
  86  6:32  Extractor  
  92  6:33  Extractor  
  91  6:43  Drone  
  92  6:55  Zergling x6  
  92  6:56  Zergling x10  
  100  7:02  Hatchery  
  98  7:08  Baneling  
  98  7:09  Zergling x6, Baneling x9  
  98  7:10  Zergling x8  
  105  7:17  Zergling x2  
  105  7:18  Extractor  
  105  7:19  Overlord x3  
  105  7:21  Baneling x2  
  102  7:34  Zergling x16  
  110  7:40  Infestation Pit  
  110  7:42  Queen  
  110  7:43  Drone x4  
  98  7:54  Drone x3  
  98  7:55  Drone  
  102  8:03  Zergling x2  
  102  8:04  Zergling x6  
  100  8:09  Zergling x6  
  100  8:11  Baneling x16  
  102  8:17  Zergling x14  
  102  8:18  Zergling x6  
  102  8:19  Hive  
  112  8:23  Drone x2  
  112  8:26  Zergling x4, Hatchery  
  115  8:36  Zergling x16  
  115  8:38  Baneling x9  
  123  8:43  Zergling x12  
  129  8:50  Zergling x8  
  128  8:58  Queen  
  128  8:59  Drone x4  
  132  9:03  Queen  
  132  9:05  Zergling x12  
  130  9:13  Drone x2  
  130  9:16  Zerg Melee Weapons Level 2, Zerg Ground Armor Level 2  
  125  9:20  Zergling x6  
  112  9:24  Drone  
  112  9:25  Drone x3  
  109  9:31  Drone x4  
  109  9:32  Drone  
  109  9:36  Drone  
  109  9:37  Drone x2  
  109  9:38  Drone  
  117  9:44  Drone  
  117  9:45  Drone x4  
  119  9:46  Baneling x3  
  117  9:58  Zergling x18  
  110  10:06  Extractor  
  107  10:08  Zergling x16  
  107  10:10  Baneling  
  107  10:11  Baneling x4  
  107  10:12  Zergling x2  
  116  10:21  Baneling x12  
  116  10:22  Zergling x10  
  116  10:26  Adrenal Glands  
  121  10:34  Baneling  
  121  10:35  Baneling  
  121  10:36  Zergling x10, Baneling x11  
  126  10:43  Ultralisk Cavern  
  126  10:46  Drone x2  
  126  10:47  Zergling x12  
  133  10:54  Zergling x12  
  139  10:57  Overlord x2  
  139  11:04  Overlord x2  
  140  11:18  Zergling x14  
  140  11:19  Zergling x6  
  140  11:20  Baneling x2  
  140  11:21  Baneling x9  
  123  11:41  Spore Crawler  
  123  11:45  Zergling x16  
  131  11:52  Zergling x20  
  131  11:53  Zergling x4  
  112  12:02  Zergling x16  
  112  12:14  Extractor  
  112  12:15  Extractor  
  107  12:16  Zergling x12  
  107  12:18  Baneling  
  107  12:19  Baneling x6  
  108  12:25  Zergling x8  
  108  12:26  Zergling x2  
  108  12:27  Baneling x3  
  108  12:28  Baneling x3  
  107  12:30  Zergling x8  
  95  12:38  Zergling x6  
  95  12:43  Zergling x2  
  95  12:44  Zergling x4  
  79  12:54  Zergling x10  
  83  13:01  Queen  
  83  13:07  Ultralisk  
  83  13:08  Ultralisk  
  95  13:20  Drone  
  95  13:21  Drone x6  
  102  13:27  Queen  
  102  13:30  Spore Crawler  
  103  13:35  Baneling x4  
  103  13:36  Baneling x5  
  102  13:47  Drone  
  109  13:48  Ultralisk  
  109  13:50  Drone x3  
  112  13:57  Drone x2, Extractor  
  112  13:59  Baneling  
  114  14:03  Zergling x10  
  114  14:08  Zergling x10  
  121  14:21  Zergling x16  
  108  14:27  Zergling x2  
  108  14:28  Zergling x6  
  90  14:31  Zergling x4  
  90  14:32  Baneling  
  90  14:33  Baneling x2  
  90  14:41  Zergling x10  
  90  14:43  Baneling x3  
Tags
 
Add a new tag
Caveats
  • Supply blocks, unpowered buildings, or Contaminate may cause inaccurate times.
  • Supply counts are checked every 10 seconds.